 Dungeon Crawl Stone Soup version 0.31-a0-544-gceb718ecc6 (webtiles) character file.

Game seed: 15696635849599531981

1512 garrulousMonolith the Cleaver (level 8, -3/71 HPs)
             Began as a Hill Orc Fighter on Aug 15, 2023.
             Was an Initiate of Beogh.
             Slain by a boulder beetle (14 damage)
             ... on level 6 of the Dungeon.
             The game lasted 00:05:43 (5138 turns).

garrulousMonolith the Cleaver (Hill Orc Fighter)    Turns: 5138, Time: 00:05:44

Health: -3/71      AC: 16    Str: 21    XL:     8   Next: 83%
Magic:  12/12      EV:  6    Int:  8    God:    Beogh [......]
Gold:   28         SH: 10    Dex: 10    Spells: 7/7 levels left

rFire   + . .        E - +1 war axe (flame)
rCold   . . .        c - +0 buckler
rNeg    . . .        g - +0 plate armour
rPois   .            s - +0 helmet
rElec   .            H - +0 cloak
rCorr   .            (no gloves)
SInv    .            D - +0 pair of boots
Will    +....        n - amulet of reflection Stlth
                     r - ring of protection from fire
HPRegen 0.31/turn    C - ring of willpower
MPRegen 0.13/turn

%: reflection
@: no status effects
A: no striking features
a: Renounce Religion


You were on level 6 of the Dungeon.
You worshipped Beogh.
Beogh was noncommittal.
You visited 1 branch of the dungeon, and saw 6 of its levels.

You collected 345 gold pieces.
You spent 317 gold pieces at shops.

Inventory:

Hand Weapons
 E - a +1 war axe of flaming (weapon)
Armour
 c - a +0 buckler (worn)
 g - a +0 plate armour (worn)
 s - a +0 helmet (worn)
 D - a +0 pair of boots (worn)
 H - a +0 cloak (worn)
Jewellery
 d - a ring of wizardry
 n - an amulet of reflection (around neck)
 r - a ring of protection from fire (left hand)
 x - a ring of positive energy
 C - a ring of willpower (right hand)
Talismans
 I - a beast talisman
Wands
 B - a wand of flame (4)
Scrolls
 e - 2 scrolls of enchant weapon {unknown}
 h - 2 scrolls of butterflies {unknown}
 i - 2 scrolls of noise {unknown}
 l - 2 scrolls of revelation {unknown}
 m - 4 scrolls of vulnerability {unknown}
 o - 2 scrolls of amnesia {unknown}
 u - a scroll of poison {unknown}
 y - 2 scrolls of teleportation
 z - 2 scrolls of enchant armour {unknown}
 G - a scroll of fear {unknown}
 J - 2 scrolls of immolation {unknown}
Potions
 a - a potion of attraction {unknown}
 b - a potion of cancellation {unknown}
 f - a potion of invisibility
 j - 2 potions of curing
 p - a potion of brilliance {unknown}
 q - 2 potions of haste
 t - a potion of resistance {unknown}
 v - 2 potions of enlightenment
 w - a potion of degeneration {unknown}
 A - a potion of mutation
 F - 2 potions of might


   Skills:
 + Level 6.4 Fighting
 * Level 8.5 Axes
 + Level 5.7 Armour
 + Level 5.6 Shields
 + Level 5.5 Invocations


You had 7 spell levels left.
You didn't know any spells.
Your spell library contained the following spells:

 Spells                   Type           Power      Damage    Failure   Level
 Magic Dart               Conj           0%         1d3       100%        1
 Poisonous Vapours        Pois/Air       0%         N/A       100%        2
 Searing Ray              Conj           0%         2d4       100%        2
 Frozen Ramparts          Ice            0%         1d1       100%        3
 Mephitic Cloud           Conj/Pois/Air  0%         N/A       100%        3
 Fulminant Prism          Conj/Hex       0%         3d5       100%        4
 Petrify                  Tmut/Erth      0%         N/A       100%        4
 Freezing Cloud           Conj/Ice/Air   0%         6-21      100%        5
 Metabolic Englaciation   Hex/Ice        0%         N/A       100%        5


Dungeon Overview and Level Annotations

Branches:
Dungeon (6/15)
 Temple: D:4-7

Altars:
Elyvilon
Okawaru
Ru
Yredelemnul

Shops:
D:4 ?   D:5 [(!

Annotations:
D:5 1 runed translucent door


Message History

The boulder beetle is almost dead.
The boulder beetle bites you but does no damage.
You hit the boulder beetle. You burn the boulder beetle.
The boulder beetle is almost dead.
The boulder beetle bites you.
You hit the boulder beetle but do no damage.
The boulder beetle is almost dead.
The boulder beetle leaps!
Found 6 gold pieces.
A boulder beetle is nearby!
A boulder beetle is nearby!
Aiming: Throw Flame
Press: ? - help, Shift-Dir - straight line, f - boulder beetle
Aim: a boulder beetle (almost dead, 100% to hit)
The puff of flame hits the boulder beetle but does no damage.
The boulder beetle is almost dead.
The boulder beetle bites you!
Aiming: Throw Flame
Press: ? - help, Shift-Dir - straight line, f/p - boulder beetle
Aim: a boulder beetle (almost dead, 100% to hit)
The puff of flame hits the boulder beetle but does no damage.
The boulder beetle is almost dead.
You block the boulder beetle's attack.
You hit the boulder beetle but do no damage.
The boulder beetle is almost dead.
The boulder beetle bites you!
You barely miss the boulder beetle.
The boulder beetle is almost dead.
The boulder beetle bites you!
* * * LOW HITPOINT WARNING * * *
You barely miss the boulder beetle.
The boulder beetle is almost dead.
You block the boulder beetle's attack. The boulder beetle barely misses you.
You hit the boulder beetle but do no damage.
The boulder beetle is almost dead.
You block the boulder beetle's attack.
You hit the boulder beetle but do no damage.
The boulder beetle is almost dead.
The boulder beetle bites you!
You die...

......#.####.
..#...#...#. #####...#
.#. #. .#$#...#$#..
##.## #... #. #...#...#
.. #.# #.#.....
......... .. #.# #.#.#..
#...#...#. #. ##.#
#....#$#...#.#...# .
#..# #....#...#...# .
#.## #.B........ #.#
#.#@..# #.# ##..#.#...#
##.## #....#...#..
####...######.........
+.......................
####...###########...###
# ##..# #..# ##.# #.#
#.# .#


You could see a boulder beetle.

Vanquished Creatures
  Grinder (D:3)
  A sky beast (D:6)
  An orc warrior (D:6)
  A centaur (D:6)
  2 ogres
  A bullfrog (D:6)
  2 scorpions
  A howler monkey (D:4)
  3 sleepcaps (D:6)
  6 hounds
  An iguana (D:5)
  2 orc wizards
  Robin (D:4)
  6 gnolls
  11 adders
  A shadow imp (D:5)
  3 white imps
  2 ufetubi (D:5)
  3 worms
  2 dart slugs (D:1)
  23 orcs
  7 endoplasms
  10 goblins
  16 hobgoblins
  4 jackals (D:1)
  10 kobolds
  6 quokkas
  8 ball pythons
  3 bats
  5 frilled lizards
  7 rats
150 creatures vanquished.

Vanquished Creatures (others)
  An orc priest (D:6)
  An orc wizard (D:6)
2 creatures vanquished.

Grand Total: 152 creatures vanquished

Notes
Turn   | Place    | Note
-------+----------+-------------------------------------------
     0 | D:1      | garrulousMonolith the Hill Orc Fighter began the quest for
                  | the Orb.
     0 | D:1      | Reached XP level 1. HP: 19/19 MP: 1/1
    25 | D:1      | Reached skill level 3 in Axes
    33 | D:1      | Reached XP level 2. HP: 27/27 MP: 2/2
   100 | D:1      | Reached skill level 1 in Invocations
   185 | D:1      | Reached XP level 3. HP: 16/33 MP: 3/3
   512 | D:1      | Found a faded altar of an unknown god.
   785 | D:2      | Reached XP level 4. HP: 37/40 MP: 5/5
   851 | D:3      | Reached skill level 4 in Axes
  1067 | D:3      | Noticed Grinder
  1090 | D:3      | Killed Grinder
  1091 | D:3      | Reached skill level 5 in Axes
  1091 | D:3      | Reached XP level 5. HP: 17/47 MP: 5/7
  1091 | D:3      | Reached XP level 6. HP: 19/53 MP: 5/8
  2362 | D:4      | Reached skill level 5 in Fighting
  2377 | D:4      | Reached XP level 7. HP: 58/61 MP: 9/9
  2529 | D:4      | Reached skill level 6 in Axes
  2646 | D:4      | Found a sacrificial altar of Ru.
  2683 | D:4      | Found Uboniras's Magic Scroll Shoppe.
  2686 | D:4      | Bought a scroll of teleportation for 42 gold pieces
  2686 | D:4      | Bought a scroll of identify for 28 gold pieces
  2773 | D:4      | Noticed Robin
  2783 | D:4      | Killed Robin
  2957 | D:4      | Found an iron altar of Okawaru.
  3144 | D:5      | Entered Level 5 of the Dungeon
  3144 | D:5      | Noticed a human
  3144 | D:5      | Found a runed translucent door.
  3145 | D:5      | Found a basalt altar of Yredelemnul.
  3179 | D:5      | Found a white marble altar of Elyvilon.
  3453 | D:5      | Found Ylariask's Weapon Shoppe.
  3477 | D:5      | Bought a +1 war axe of flaming for 172 gold pieces
  3773 | D:5      | Found Ezesokamau's Distillery.
  3777 | D:5      | Bought a potion of heal wounds for 75 gold pieces
  4114 | D:5      | Found Varipnoidd's Armour Boutique.
  4160 | D:5      | Reached skill level 7 in Axes
  4160 | D:5      | Reached skill level 5 in Armour
  4160 | D:5      | Reached skill level 5 in Shields
  4160 | D:5      | Reached XP level 8. HP: 61/70 MP: 11/11
  4676 | D:6      | Noticed a boulder beetle
  4694 | D:6      | Reached skill level 5 in Invocations
  4703 | D:6      | Became a worshipper of Beogh the Brigand
  4712 | D:6      | Reached skill level 8 in Axes
  5138 | D:6      | Slain by a boulder beetle

Illustrated notes

Levels and vault maps discovered:
D:1:      co_arrival_square_in_a_square_in_a_square, layout_basic,
          shapermc_ecumenical_altar_acropolis
D:2:      layout_basic, dk_noncrumbling_4
D:3:      layout_loops_ring, minmay_puff, uniq_grinder
D:4:      layout_loops_cross, okawaru_altar_gauntlet_db,
          nicolae_ru_the_path_less_chosen, serial_shops, nicolae_shop_rolled_up,
          uniq_robin
D:5:      layout_basic, mainiacjoe_overflow_boulevard, dk_yredelemnul_ordeal,
          serial_shops, nicolae_shop_bloodbath_and_beyond,
          nicolae_shop_back_alley_shop, shop, minmay_chambers_of_fives
D:6:      cheibrodos_fzero, layout_loops_corners, zin_statuary, temple_hall

Skill      XL: |  1  2  3  4  5  6  7  8 |
---------------+-------------------------+-----
Axes           | 3 5 7 8 |  8.5
Invocations    | 1 2 3 4 5 |  5.5
Fighting       | 4 5 6 |  6.4
Armour         | 4 5 |  5.7
Shields        | 4 5 |  5.6

Action                     |  1- 3 |  4- 6 |  7- 9 || total
---------------------------+-------+-------+-------++-------
  Melee: War axe           |    94 |   137 |   222 ||   453
 Invoke: Convert to Beogh  |       |       |     1 ||     1
  Evoke: Wand              |       |       |     3 ||     3
    Use: Potion            |       |     2 |     4 ||     6
         Scroll            |       |       |     5 ||     5
   Stab: Invisible         |       |       |     7 ||     7
 Armour: Scale mail        |    37 |       |       ||    37
         Plate armour      |    15 |    88 |    93 ||   196
  Dodge: Dodged            |    36 |    35 |    47 ||   118
  Block: Buckler           |    25 |    51 |    97 ||   173
         Reflection        |       |       |     3 ||     3

Table legend: (Time is in decaauts)
 A = Elapsed time spent in this place.
 B = Non-inter-level travel time spent in this place.
 C = Inter-level travel time spent in this place.
 D = Time resting spent in this place.
 E = Time spent auto-exploring this place.
 F = Levels seen in this place.
 G = Mean time per level.
                   A        B        C        D        E       F      G
               +--------+--------+--------+--------+--------+-----+--------+
         Total |   5247 |   5054 |    193 |    697 |   3295 |   6 |  874.5 |
       Dungeon |   5247 |   5054 |    193 |    697 |   3295 |   6 |  874.5 |
               +--------+--------+--------+--------+--------+-----+--------+

Top non-repeatable levels by time:
     D:5: 1215 daAuts
     D:3: 1068 daAuts
     D:4: 809 daAuts
     D:6: 801 daAuts
     D:2: 683 daAuts
     D:1: 670 daAuts
